AoeStats
← Gothic_Brother

Arabian Desert

508532766Analyzed
1v1 RM · 11d ago on Sep 22, 2026· 57m 33s· 2 players
Game mode
Random Map
Map size
Tiny (2 player)
Population
200
Speed
Normal
Resources
Standard
Victory
Conquest
Starting age
Dark Age
Ending age
Imperial Age
RankedLock teamsTeams togetherTeam positionsShared explorationLock speedFull tech treeHidden civsTurbo modeCheats
Victory
Defeat
🇨🇴 Maya · Colombia
1243
+14
🇷🇺 Random · Russia
1205
-14
Aragorn
0:26 Loom
9:32 Feudal Age
10:52 Double-Bit Axe
12:37 Horse Collar
15:26 Wheelbarrow
16:12 Fletching
21:37 Castle Age
20:28 Padded Archer Armor
20:53 Gold Mining
21:17 Scale Mail Armor
22:04 Eagle Warrior
22:13 Crossbowman
22:52 Bodkin Arrow
24:06 Leather Archer Armor
33:00 Thumb Ring
36:41 Imperial Age
34:24 Stone Mining
36:01 Hand Cart
37:12 Ballistics
37:45 Arbalester
38:57 Ring Archer Armor
39:18 Bracer
40:26 Chemistry
39:52 Conscription
43:29 Elite Plumed Archer
44:42 Holcans
47:12 Stone Shaft Mining
47:43 Masonry
47:31 Murder Holes
47:05 Elite Eagle Warrior
48:02 Chain Mail Armor
47:58 Forging
50:16 Squires
50:49 Plate Mail Armor
50:55 Iron Casting
53:05 Blast Furnace
53:48 Hul'che Javelineers
53:40 Arson
Gothic_Brother
7:16 Loom
9:29 Feudal Age
15:45 Castle Age
22:56 Double-Bit Axe
23:53 Wheelbarrow
31:36 Bow Saw
33:04 Fletching
33:17 Padded Archer Armor
33:40 Horse Collar
38:02 Imperial Age
39:52 Conscription
40:20 Leather Archer Armor
39:56 Fletching
40:46 Cranequins
41:25 Onager
44:21 Town Watch
45:10 Ring Archer Armor
44:36 Bodkin Arrow
45:16 Ballistics
45:25 Siege Onager
47:29 Elite Varangian Guard
48:43 Masonry
50:10 Hand Cart
50:40 Forging
50:31 Scale Mail Armor
54:31 Iron Casting
54:11 Chain Mail Armor
53:44 Gambesons
54:00 Squires
Connection lost

Rejoining the realm…

Still unreachable

The connection could not be restored.

Session expired

The server has moved on; the page needs a fresh start.